 Dungeon Crawl Stone Soup version 0.30-a0-879-ga8ba668304 (webtiles) character file.

Game seed: 16989580294522366849

412 holysushi the Scratcher (level 6, -1/28 HPs)
             Began as a Felid Monk on Mar 13, 2023.
             Was a Follower of Ru.
             Succumbed to a scorpion's poison
             ... on level 4 of the Dungeon.
             The game lasted 00:07:24 (3836 turns).

holysushi the Scratcher (Felid Monk)                Turns: 3836, Time: 00:07:25

Health: -1/28      AC:  2    Str:  7    XL:     6   Next: 59%
Magic:  7/7        EV: 19    Int: 12    God:    Ru [*.....]
Gold:   229        SH:  0    Dex: 20    Spells: 5/5 levels left
                                        Lives:  0   Deaths: 1

rFire   . . .      SeeInvis +      - Unarmed
rCold   . . .      Faith    .    (shield unavailable)
rNeg    . . .      Spirit   .    (body armour unavailable)
rPois   .          Reflect  .    (helmet unavailable)
rElec   .          Rampage  .    (cloak unavailable)
rCorr   +                        (gloves unavailable)
Will    .....                    (boots unavailable)
Stlth   ++                       (no amulet)
HPRegen 0.24/turn                m - ring of resist corrosion
MPRegen 0.10/turn                (no ring)

@: lethally poisoned (-1 -> -13), quick
A: very small, claws 1, fangs 3, see invisible, speed 1, shaggy fur 2, inability
to drink after injury 2, stealthy paws, no weapons or thrown items, no armour,
multi-lived
a: Renounce Religion


You were on level 4 of the Dungeon.
You worshipped Ru.
Ru was aware of your devotion.
You visited 1 branch of the dungeon, and saw 5 of its levels.

You collected 229 gold pieces.

Inventory:

Jewellery
 m - a ring of resist corrosion (left paw)
 s - a ring of poison resistance
Wands
 r - a wand of roots (9)
Scrolls
 a - a scroll of enchant armour {unknown}
 b - 2 scrolls of poison {unknown}
 f - a scroll of fear {unknown}
 h - 5 scrolls of identify {unknown}
 i - a scroll of butterflies {unknown}
 q - 2 scrolls of teleportation {unknown}
 t - a scroll of silence {unknown}
 u - a scroll of blinking {unknown}
 v - a scroll of vulnerability {unknown}
 w - a scroll of acquirement {unknown}
Potions
 c - a potion of heal wounds {unknown}
 d - a potion of might {unknown}
 e - 2 potions of flight {unknown}
 g - a potion of curing {unknown}
 j - a potion of lignification {unknown}
 k - 2 potions of invisibility {unknown}
 l - a potion of magic {unknown}
 n - a potion of attraction {unknown}
 o - a potion of degeneration {unknown}
 p - a potion of haste {unknown}


   Skills:
 + Level 4.0 Fighting
 - Level 4.0 Dodging
 - Level 2.6 Stealth
 + Level 7.2 Unarmed Combat
 - Level 2.0 Evocations


You had 5 spell levels left.
You didn't know any spells.
Your spell library was empty.

Dungeon Overview and Level Annotations

Branches:
Dungeon (5/15) Zot: 26815
 Temple: D:4-7

Altars:
Dithmenos
Gozag
Nemelex Xobeh
Ru
Vehumet
Wu Jian

Shops:
D:1 *

Annotations:
D:3 3 runed translucent doors, JumpingJurisdiction's ghost, amateur MiFi


Innate Abilities, Weirdness & Mutations

You have sharp claws.
You have razor-sharp teeth.
You have supernaturally acute eyesight. (SInv)
You cover ground quickly. (Speed+)
You are covered in thick fur. (AC +2)
You sometimes lose the ability to drink potions when taking damage.
Your paws help you pounce on unaware monsters.
You are incapable of wielding weapons or throwing items.
You cannot wear armour.
You gain extra lives every three experience levels.


Message History

Press: ? - help, Shift-Dir - straight line, p - Grinder The roots erupt in riotous growth!
Roots grab Grinder.
The grasping roots constrict Grinder.
You kill Grinder!
Training target 2.0 for Evocations reached!
Your Unarmed Combat skill increases to level 7!
Your Evocations skill gained 2 levels and is now at level 2!
You have reached level 6!
Your fur grows into a thick mane.
You scratch the iguana.
The iguana is lightly wounded.
The iguana barely misses you.
You completely miss the iguana. You claw the iguana.
The iguana is moderately wounded.
The iguana barely misses you. The scorpion stings you.
You scratch the iguana.
The iguana is severely wounded.
The iguana completely misses you. The scorpion stings you.
You are poisoned.
The scorpion poisons you!
You claw the iguana!
You kill the iguana!
You feel very sick. The scorpion stings you.
You feel threatened and lose the ability to drink potions!
You are lethally poisoned!
The scorpion poisons you!
Your Fighting skill increases to level 4!
You are too injured to fight recklessly!
You feel very sick.
* * * LOW HITPOINT WARNING * * *
You feel very sick.
There is a stone staircase leading up here.
* * * LOW HITPOINT WARNING * * *
You feel very sick. The scorpion closely misses you.
You climb upwards.
You can drink potions again.
You die...

#.##.###.#.### #......... #.##.#
#...†.######## ##.########
#.##.###.#.#........###...#######
#.##.....#.....................##
#.####.###..#####.#..##..).###.##
#<# #.# #..# ##..........# #...
#.# #.# #..# #...#.#####.###.#^
#.####.# #..# #.#.#.# #.....#.
#......# #..# #@#.#.# ###.###.
##########..####s#.#.# ###.###.
#................#.# #..#.##.
#.######........[<.#####.#.###.
###.# #.#####........#####..##
....# #.# #.##########.....#
##### #.# #.# ##....... #.#
#.########........ #.#
#........#..>.....


You could see a scorpion.

Vanquished Creatures
  Grinder (D:5)
  2 iguanas (D:5)
  An orc wizard (D:3)
  Ijyb (D:4)
  6 gnolls
  6 adders
  An ufetubus (D:4)
  7 worms
  2 dart slugs
  An orc (D:5)
  9 ball pythons
  4 endoplasms
  3 giant cockroaches
  4 goblins
  12 hobgoblins
  6 jackals
  3 quokkas
  4 bats
  A frilled lizard (D:1)
  2 kobolds
  5 rats
81 creatures vanquished.

Vanquished Creatures (others)
  4 withered plants (D:5)
4 creatures vanquished.

Grand Total: 85 creatures vanquished

Notes
Turn   | Place    | Note
-------+----------+-------------------------------------------
     0 | D:1      | holysushi the Felid Monk began the quest for the Orb.
     0 | D:1      | Reached XP level 1. HP: 10/10 MP: 2/2
   136 | D:1      | You fall into a shaft and drop 1 floor!
   177 | D:2      | Reached XP level 2. HP: 14/14 MP: 3/3
   372 | D:1      | Reached skill level 4 in Unarmed Combat
   443 | D:1      | Found Higeenoz's Assorted Antiques.
   630 | D:2      | Reached XP level 3. HP: 14/17 MP: 4/4
  1361 | D:2      | Reached skill level 5 in Unarmed Combat
  1361 | D:2      | Reached XP level 4. HP: 16/21 MP: 5/5
  1600 | D:3      | Found a radiant altar of Vehumet.
  1602 | D:3      | Found an ornate altar of the Wu Jian Council.
  1735 | D:3      | Found an opulent altar of Gozag.
  1735 | D:3      | Found a sparkling altar of Nemelex Xobeh.
  1809 | D:4      | Noticed an ogre
  1908 | D:3      | Reached XP level 5. HP: 24/24 MP: 6/6
  2118 | D:3      | Found a sacrificial altar of Ru.
  2128 | D:3      | Reached skill level 6 in Unarmed Combat
  2135 | D:3      | Became a worshipper of Ru the Awakened
  2142 | D:3      | Gained mutation: You occasionally lose the ability to drink
                  | potions when taking damage. [Ru sacrifice]
  2142 | D:3      | Gained mutation: You sometimes lose the ability to drink
                  | potions when taking damage. [Ru sacrifice]
  2142 | D:3      | Reached * piety under Ru
  2169 | D:3      | Found a runed translucent gate.
  2169 | D:3      | Found a runed translucent gate.
  2170 | D:3      | Found a runed translucent gate.
  2172 | D:3      | Noticed JumpingJurisdiction's ghost (amateur MiFi)
  2674 | D:4      | Found a shadowy altar of Dithmenos.
  2693 | D:4      | Noticed Ijyb
  2701 | D:4      | Slain by Ijyb
  2702 | D:4      | Reached XP level 4. HP: 0/20 MP: 5/5
  2756 | D:4      | Killed Ijyb
  2761 | D:4      | Reached XP level 5. HP: 6/24 MP: 6/6
  3646 | D:5      | Entered Level 5 of the Dungeon
  3814 | D:5      | Noticed Grinder
  3828 | D:5      | Killed Grinder
  3829 | D:5      | Reached skill level 7 in Unarmed Combat
  3829 | D:5      | Gained mutation: You are covered in thick fur. (AC +2)
                  | [Felid growth]
  3829 | D:5      | Reached XP level 6. HP: 27/28 MP: 7/7
  3836 | D:4      | Succumbed to a scorpion's poison

Illustrated notes

Levels and vault maps discovered:
D:1:      saegor_arrival_miasma, layout_rooms, serial_shops,
          nicolae_shop_overgrown_old_shop
D:2:      layout_rooms
D:3:      layout_basic, grunt_temple_overflow_opulence,
          nicolae_ru_great_annihilating_truth,
          chequers_temple_overflow_statue_of_worship, gammafunk_ghost_necromancy
D:4:      layout_loops_ring, mainiacjoe_overflow_six_doors_small,
          amethyst_killhole, minmay_misc_feat_cross, nicolae_wormholes,
          uniq_ijyb
D:5:      layout_gridville, grunt_temple_overflow_growth_and_decay,
          mainiacjoe_overflow_catwalk, uniq_grinder

Skill      XL: |  1  2  3  4  5  6 |
---------------+-------------------+-----
Unarmed Combat | 4 5 7 |  7.2
Evocations     | 2 |  2.0
Fighting       | 4 |  4.0
Dodging        | |  4.0
Stealth        | |  2.6

Action                     |  1- 3 |  4- 6 || total
---------------------------+-------+-------++-------
  Melee: Unarmed           |    98 |   142 ||   240
         Bite              |    16 |    13 ||    29
         Punch             |     2 |     4 ||     6
 Invoke: Sacrifice Drink   |       |     1 ||     1
  Evoke: Wand              |       |    10 ||    10
    Use: Potion            |     1 |       ||     1
   Stab: Sleeping          |     4 |     9 ||    13
         Paralysed         |       |     1 ||     1
 Armour: Skin              |     2 |     3 ||     5
  Dodge: Dodged            |    84 |   115 ||   199

Table legend: (Time is in decaauts)
 A = Elapsed time spent in this place.
 B = Non-inter-level travel time spent in this place.
 C = Inter-level travel time spent in this place.
 D = Time resting spent in this place.
 E = Time spent auto-exploring this place.
 F = Levels seen in this place.
 G = Mean time per level.
                   A        B        C        D        E       F      G
               +--------+--------+--------+--------+--------+-----+--------+
         Total |   3264 |   3111 |    153 |    581 |   1447 |   5 |  652.8 |
       Dungeon |   3264 |   3111 |    153 |    581 |   1447 |   5 |  652.8 |
               +--------+--------+--------+--------+--------+-----+--------+

Top non-repeatable levels by time:
     D:4: 1340 daAuts
     D:1: 728 daAuts
     D:3: 578 daAuts
     D:2: 566 daAuts
     D:5: 49 daAuts
